TOP OF THE 1ST |
West Virginia Power batting - Pitching for Wichita Wranglers : RHP Flint Gray
|
Pitching: RHP Flint Gray
|
|
Batting: SHB José Valdéz
|
0-0: Called Strike 0-1: Called Strike 0-2: Ball 1-2: Ball 2-2: Strikes out swinging
|
Batting: LHB Luis Pérez
|
0-0: Ball 1-0: Ball 2-0: Ball 3-0: Base on Balls
|
Batting: LHB Fernando Ortíz
|
0-0: Ball 1-0: Called Strike 1-1: Ball 2-1: Ball 3-1: Foul Ball, location: 2F 3-2: Base on Balls Luis Pérez to second
|
Batting: LHB Pablo Reyes
|
0-0: Ball 1-0: Ball 2-0: Foul Ball, location: 2F 2-1: Ball 3-1: Called Strike 3-2: Strikes out looking
|
Batting: SHB Edward Bartlett
|
0-0: Called Strike 0-1: Ball 1-1: Ball 2-1: Fly out, F3 (Popup, 3F)
|
Top of the 1st over - 0 run(s), 0 hit(s), 0 error(s), 2 left on base; West Virginia 0 - Wichita 0 |
BOTTOM OF THE 1ST |
Wichita Wranglers batting - Pitching for West Virginia Power : RHP Aurelio Barrón
|
Pitching: RHP Aurelio Barrón
|
|
Batting: SHB Martín Medina
|
0-0: Ball 1-0: Swinging Strike 1-1: Ball 2-1: Ground out 5-3 (Groundball, 56S)
|
Batting: LHB Eric Peterson
|
0-0: DOUBLE (Line Drive, 7LM)
|
Batting: RHB Bob Hall
|
0-0: Ball 1-0: Called Strike 1-1: Ball 2-1: Swinging Strike 2-2: Ball 3-2: Reached on error, E2 (Groundball, 2R) Eric Peterson to third
|
Batting: RHB Cho-yun Qiao
|
0-0: Called Strike 0-1: Swinging Strike 0-2: Ball Bob Hall is caught stealing 2nd base 1-2: Ball 2-2: SINGLE (Flyball, 8RS) Eric Peterson scores
|
Batting: RHB Hamilton Holbrook
|
0-0: Ball 1-0: Foul Ball, location: 2F 1-1: Ball Balk! Cho-yun Qiao to second 2-1: Ground out 3-1 (Groundball, 34)
|
Bottom of the 1st over - 1 run(s), 2 hit(s), 1 error(s), 1 left on base; West Virginia 0 - Wichita 1 |
TOP OF THE 2ND |
West Virginia Power batting - Pitching for Wichita Wranglers : RHP Flint Gray
|
Batting: RHB Dave McGrath
|
0-0: Foul Ball, location: 2F 0-1: Ball 1-1: Foul Ball, location: 2F 1-2: Ball 2-2: Strikes out swinging
|
Batting: RHB Lance Wolf
|
0-0: Ball 1-0: Called Strike 1-1: Foul Ball, location: 2F 1-2: Strikes out swinging
|
Batting: RHB Gonzalo Gil
|
0-0: Called Strike 0-1: Called Strike 0-2: Foul Ball, location: 2F 0-2: Strikes out swinging
|
Top of the 2nd over - 0 run(s), 0 hit(s), 0 error(s), 0 left on base; West Virginia 0 - Wichita 1 |
BOTTOM OF THE 2ND |
Wichita Wranglers batting - Pitching for West Virginia Power : RHP Aurelio Barrón
|
Batting: RHB Tom Howe
|
0-0: SINGLE (Groundball, 56)
|
Batting: LHB Ramiro Martínez
|
0-0: Foul Ball, location: 2F 0-1: Ball 1-1: Ball 2-1: Foul Ball, location: 2F 2-2: Ball 3-2: SINGLE (Line Drive, 6D) Tom Howe to second Tom Howe to third
|
Batting: RHB Dave Henderson
|
0-0: Ball Ramiro Martínez steals 2nd base 1-0: Fly out, F6 (Popup, 6M)
|
Batting: SHB Shane Hutchinson
|
0-0: Called Strike 0-1: Fly out, F8 (Flyball, 8RXD) Runner from 3rd tags up, SCORES, no throw Ramiro Martínez to third
|
Batting: SHB Martín Medina
|
0-0: Foul Ball, location: 2F 0-1: Ball 1-1: Ball 2-1: Ground out 4-3 (Groundball, 4)
|
Bottom of the 2nd over - 1 run(s), 2 hit(s), 0 error(s), 1 left on base; West Virginia 0 - Wichita 2 |
TOP OF THE 3RD |
West Virginia Power batting - Pitching for Wichita Wranglers : RHP Flint Gray
|
Batting: RHB Brett Bell
|
0-0: Called Strike 0-1: Ball 1-1: Ball 2-1: SINGLE (Groundball, 56D)
|
Batting: SHB José Valdéz
|
0-0: Called Strike 0-1: Called Strike 0-2: Ball 1-2: Strikes out swinging
|
Batting: LHB Luis Pérez
|
0-0: Ball 1-0: Fly out, F9 (Flyball, 9LM)
|
Batting: LHB Fernando Ortíz
|
0-0: Ball 1-0: Ball 2-0: Ball 3-0: Called Strike 3-1: Base on Balls Brett Bell to second
|
Batting: LHB Pablo Reyes
|
0-0: Called Strike 0-1: Swinging Strike 0-2: Strikes out swinging
|
Top of the 3rd over - 0 run(s), 1 hit(s), 0 error(s), 2 left on base; West Virginia 0 - Wichita 2 |
BOTTOM OF THE 3RD |
Wichita Wranglers batting - Pitching for West Virginia Power : RHP Aurelio Barrón
|
Batting: LHB Eric Peterson
|
0-0: Ball 1-0: Called Strike 1-1: Foul Ball, location: 2F 1-2: Ball 2-2: Strikes out swinging
|
Batting: RHB Bob Hall
|
0-0: Ball 1-0: Swinging Strike 1-1: Called Strike 1-2: SINGLE (Line Drive, 9LS)
|
Batting: RHB Cho-yun Qiao
|
0-0: Ball 1-0: Called Strike 1-1: Called Strike 1-2: 2-RUN HOME RUN (Flyball, 9LD), Distance : 338 ft
|
Batting: RHB Hamilton Holbrook
|
0-0: Swinging Strike 0-1: Swinging Strike 0-2: Foul Ball, location: 2F 0-2: Ball 1-2: Ball 2-2: Fly out, F9 (Flyball, 9M)
|
Batting: RHB Tom Howe
|
0-0: Called Strike 0-1: Ground out 6-3 (Groundball, 6)
|
Bottom of the 3rd over - 2 run(s), 2 hit(s), 0 error(s), 0 left on base; West Virginia 0 - Wichita 4 |
TOP OF THE 4TH |
West Virginia Power batting - Pitching for Wichita Wranglers : RHP Flint Gray
|
Batting: SHB Edward Bartlett
|
0-0: Called Strike 0-1: Ball 1-1: Swinging Strike 1-2: Foul Ball, location: 2F 1-2: Fly out, F2 (Popup, 2LF)
|
Batting: RHB Dave McGrath
|
0-0: Ball 1-0: Swinging Strike 1-1: Swinging Strike 1-2: Ball 2-2: Strikes out swinging
|
Batting: RHB Lance Wolf
|
0-0: SINGLE (Line Drive, 78S)
|
Batting: RHB Gonzalo Gil
|
0-0: Called Strike 0-1: Called Strike 0-2: Ball 1-2: Ball 2-2: Foul Ball, location: 2F 2-2: Strikes out swinging
|
Top of the 4th over - 0 run(s), 1 hit(s), 0 error(s), 1 left on base; West Virginia 0 - Wichita 4 |
BOTTOM OF THE 4TH |
Wichita Wranglers batting - Pitching for West Virginia Power : RHP Aurelio Barrón
|
Batting: LHB Ramiro Martínez
|
0-0: Ball 1-0: Foul Ball, location: 2F 1-1: Fly out, F2 (Popup, 2RF)
|
Batting: RHB Dave Henderson
|
0-0: Ball 1-0: Foul Ball, location: 2F 1-1: Swinging Strike 1-2: Strikes out swinging
|
Batting: SHB Shane Hutchinson
|
0-0: Ground out 3-1 (Groundball, 3)
|
Bottom of the 4th over - 0 run(s), 0 hit(s), 0 error(s), 0 left on base; West Virginia 0 - Wichita 4 |
TOP OF THE 5TH |
West Virginia Power batting - Pitching for Wichita Wranglers : RHP Flint Gray
|
Batting: RHB Brett Bell
|
0-0: Called Strike 0-1: Ball 1-1: Ball 2-1: Called Strike 2-2: Foul Ball, location: 2F 2-2: Strikes out swinging
|
Batting: SHB José Valdéz
|
0-0: Ball 1-0: Foul Ball, location: 2F 1-1: Ball 2-1: Called Strike 2-2: Ball 3-2: Strikes out swinging
|
Batting: LHB Luis Pérez
|
0-0: Foul Ball, location: 2F 0-1: SINGLE (Flyball, 7S)
|
Batting: LHB Fernando Ortíz
|
0-0: Ball 1-0: Ball 2-0: Swinging Strike 2-1: Ball 3-1: Base on Balls Luis Pérez to second
|
Batting: LHB Pablo Reyes
|
0-0: Called Strike 0-1: Foul Ball, location: 2F 0-2: Ball 1-2: Strikes out swinging
|
Top of the 5th over - 0 run(s), 1 hit(s), 0 error(s), 2 left on base; West Virginia 0 - Wichita 4 |
BOTTOM OF THE 5TH |
Wichita Wranglers batting - Pitching for West Virginia Power : RHP Aurelio Barrón
|
Batting: SHB Martín Medina
|
0-0: Ball 1-0: Ball 2-0: SINGLE (Groundball, 6M)
|
Batting: LHB Eric Peterson
|
0-0: Called Strike Martín Medina steals 2nd base 0-1: Swinging Strike 0-2: Foul Ball, location: 2F 0-2: Ball 1-2: Reached on error, E3 (Groundball, 3) Martín Medina to third
|
Batting: RHB Bob Hall
|
0-0: Foul Ball, location: 2F 0-1: Swinging Strike 0-2: Ball 1-2: Ball 2-2: Strikes out swinging
|
Batting: RHB Cho-yun Qiao
|
0-0: Foul Ball, location: 2F 0-1: Fly out, F7 (Flyball, 78S) Runner from 3rd tags up, SCORES, throw made
|
Batting: RHB Hamilton Holbrook
|
0-0: Called Strike 0-1: Ball 1-1: SINGLE (Line Drive, 34) Eric Peterson to second Runner from 2nd tries for 3rd, SAFE, throw made to third
|
Batting: RHB Tom Howe
|
0-0: Swinging Strike 0-1: Ball 1-1: Swinging Strike 1-2: Ground out 1-3 (Groundball, 13S)
|
Bottom of the 5th over - 1 run(s), 2 hit(s), 1 error(s), 2 left on base; West Virginia 0 - Wichita 5 |
TOP OF THE 6TH |
West Virginia Power batting - Pitching for Wichita Wranglers : RHP Flint Gray
|
Pitching: RHP Larry Jones
|
|
Batting: SHB Edward Bartlett
|
0-0: Called Strike 0-1: Called Strike 0-2: Ground out 4-3 (Groundball, 4)
|
Batting: RHB Dave McGrath
|
0-0: Ball 1-0: Called Strike 1-1: Hit by Pitch
|
Batting: RHB Lance Wolf
|
0-0: Called Strike 0-1: Ball Dave McGrath is caught stealing 2nd base 1-1: Foul Ball, location: 2F 1-2: Strikes out swinging
|
Top of the 6th over - 0 run(s), 0 hit(s), 0 error(s), 0 left on base; West Virginia 0 - Wichita 5 |
BOTTOM OF THE 6TH |
Wichita Wranglers batting - Pitching for West Virginia Power : RHP Aurelio Barrón
|
Batting: LHB Ramiro Martínez
|
0-0: Ball 1-0: Ball 2-0: Ball 3-0: Base on Balls
|
Batting: RHB Dave Henderson
|
0-0: Ball Throwing error on steal attempt, E2 Ramiro Martínez to third 1-0: Fly out, F9 (Flyball, 89M) Runner from 3rd tags up, SCORES, no throw
|
Batting: SHB Shane Hutchinson
|
0-0: Swinging Strike 0-1: Swinging Strike 0-2: Fly out, F9 (Flyball, 9LM)
|
Batting: SHB Martín Medina
|
0-0: Ball 1-0: Called Strike 1-1: Foul Ball, location: 2F 1-2: Ground out 4-3 (Groundball, 4M)
|
Bottom of the 6th over - 1 run(s), 0 hit(s), 1 error(s), 0 left on base; West Virginia 0 - Wichita 6 |
TOP OF THE 7TH |
West Virginia Power batting - Pitching for Wichita Wranglers : RHP Larry Jones
|
Batting: RHB Gonzalo Gil
|
0-0: Called Strike 0-1: Ball 1-1: Ground out 6-3 (Groundball, 6M)
|
Batting: RHB Brett Bell
|
0-0: Ball 1-0: Called Strike 1-1: Called Strike 1-2: Ground out 5-3 (Groundball, 56)
|
Batting: SHB José Valdéz
|
0-0: Foul Ball, location: 2F 0-1: Called Strike 0-2: SINGLE (Line Drive, 78M)
|
Batting: LHB Luis Pérez
|
0-0: Ball 1-0: Foul Ball, location: 2F 1-1: Ball 2-1: Foul Ball, location: 2F 2-2: Fly out, F5 (Popup, 56S)
|
Top of the 7th over - 0 run(s), 1 hit(s), 0 error(s), 1 left on base; West Virginia 0 - Wichita 6 |
BOTTOM OF THE 7TH |
Wichita Wranglers batting - Pitching for West Virginia Power : RHP Aurelio Barrón
|
Batting: LHB Eric Peterson
|
0-0: Ground out 1-3 (Groundball, 13)
|
Batting: RHB Bob Hall
|
0-0: Foul Ball, location: 2F 0-1: Ball 1-1: Called Strike 1-2: Strikes out swinging
|
Batting: RHB Cho-yun Qiao
|
0-0: Ball 1-0: Ball 2-0: Ball 3-0: Called Strike 3-1: Called Strike 3-2: Strikes out swinging
|
Bottom of the 7th over - 0 run(s), 0 hit(s), 0 error(s), 0 left on base; West Virginia 0 - Wichita 6 |
TOP OF THE 8TH |
West Virginia Power batting - Pitching for Wichita Wranglers : RHP Larry Jones
|
Pitching: LHP Francisco Martínez
|
|
Batting: LHB Fernando Ortíz
|
0-0: Called Strike 0-1: Ball 1-1: Ball 2-1: SOLO HOME RUN (Flyball, 9D), Distance : 360 ft
|
Batting: LHB Pablo Reyes
|
0-0: Ball 1-0: Ball 2-0: Ball 3-0: Called Strike 3-1: Called Strike 3-2: Base on Balls
|
Batting: SHB Edward Bartlett
|
0-0: Foul Ball, location: 2F 0-1: Called Strike 0-2: Ball 1-2: Ball 2-2: Strikes out swinging
|
Batting: RHB Dave McGrath
|
0-0: Swinging Strike 0-1: Ball 1-1: Fly out, F3 (Popup, 3SF)
|
Batting: RHB Lance Wolf
|
0-0: Ball 1-0: Ball 2-0: Swinging Strike 2-1: Ground out 6-3 (Groundball, 6)
|
Top of the 8th over - 1 run(s), 1 hit(s), 0 error(s), 1 left on base; West Virginia 1 - Wichita 6 |
BOTTOM OF THE 8TH |
Wichita Wranglers batting - Pitching for West Virginia Power : RHP Aurelio Barrón
|
Batting: RHB Hamilton Holbrook
|
0-0: SINGLE (Line Drive, 89S)
|
Batting: RHB Tom Howe
|
0-0: Ball 1-0: Foul Ball, location: 2F 1-1: Called Strike 1-2: Ball 2-2: Foul Ball, location: 2F 2-2: Ball 3-2: Base on Balls Hamilton Holbrook to second
|
Batting: LHB Ramiro Martínez
|
0-0: Sac Bunt - play at first, batter OUT! 1-3 Hamilton Holbrook to third Tom Howe to second
|
Batting: RHB Dave Henderson
|
0-0: Swinging Strike 0-1: Ball 1-1: Fly out, F7 (Flyball, 78D) Runner from 3rd tags up, SCORES, no throw
|
Batting: SHB Shane Hutchinson
|
0-0: Ball 1-0: Ball 2-0: Ball 3-0: Base on Balls
|
Pitching: RHP Cory Lowe
|
|
Batting: SHB Martín Medina
|
0-0: Ball 1-0: Called Strike 1-1: Called Strike 1-2: Strikes out looking
|
Bottom of the 8th over - 1 run(s), 1 hit(s), 0 error(s), 2 left on base; West Virginia 1 - Wichita 7 |
TOP OF THE 9TH |
West Virginia Power batting - Pitching for Wichita Wranglers : LHP Francisco Martínez
|
Batting: RHB Gonzalo Gil
|
0-0: Called Strike 0-1: Ground out 6-3 (Groundball, 6)
|
Batting: RHB Brett Bell
|
0-0: SINGLE (Groundball, 4M)
|
Batting: SHB José Valdéz
|
0-0: Swinging Strike 0-1: Foul Ball, location: 2F 0-2: Ball 1-2: SINGLE (Flyball, 89S) Brett Bell to second Runner from 2nd tries for 3rd, SAFE, throw made to third
|
Batting: LHB Luis Pérez
|
0-0: Called Strike 0-1: Called Strike 0-2: Ball 1-2: Fly out, F7 (Flyball, 7M)
|
Batting: LHB Fernando Ortíz
|
0-0: Ball 1-0: Ball 2-0: SINGLE (Line Drive, 4D) Brett Bell scores José Valdéz to second Runner from 2nd tries for 3rd, SAFE, no throw or cutoff
|
Batting: LHB Pablo Reyes
|
0-0: Called Strike 0-1: Ground out 1-3 (Groundball, 15S)
|
Top of the 9th over - 1 run(s), 3 hit(s), 0 error(s), 2 left on base; West Virginia 2 - Wichita 7 |
|